 Dungeon Crawl Stone Soup version 0.23-a0-819-g6debee6 (webtiles) character file.

220 miciahclay the Sneak (level 6, 47/47 HPs)
             Began as a Human Assassin on Jan 20, 2019.
             Quit the game on level 3 of the Dungeon on Jan 22, 2019.
             The game lasted 00:33:35 (2953 turns).

miciahclay the Sneak (Human Assassin)               Turns: 2953, Time: 00:33:35

Health: 47/47      AC:  3    Str: 12    XL:     6   Next: 18%
Magic:  6/6        EV: 13    Int: 12    God:
Gold:   163        SH:  0    Dex: 15    Spells: 5/5 levels left

rFire    . . .     SeeInvis .   a - +2 dagger
rCold    . . .     Gourm    .   (no shield)
rNeg     . . .     Faith    .   c - +0 robe
rPois    .         Spirit   .   (no helmet)
rElec    .         Reflect  .   d - +0 cloak
rCorr    .         Harm     .   (no gloves)
MR       .....                  (no boots)
Stlth    +++.......             (no amulet)
HPRegen  0.15/turn              (no ring)
MPRegen  0.10/turn              (no ring)

@: no status effects
A: no striking features
a: no special abilities


You were on level 3 of the Dungeon.
You were not hungry.

You visited 1 branch of the dungeon, and saw 3 of its levels.

You collected 163 gold pieces.

Inventory:

Hand Weapons
 a - a +2 dagger (weapon)
 b - a +0 blowgun
 h - a +0 dagger
Missiles
 e - 8 poisoned needles
 f - 2 curare-tipped needles
Armour
 c - a +0 robe (worn)
 d - a +0 cloak (worn)
 s - a +0 ring mail
 t - a +0 scale mail
Scrolls
 i - 3 scrolls of teleportation {unknown}
 k - a scroll of enchant weapon {unknown}
 n - 3 scrolls of remove curse {unknown}
 o - a scroll of identify {unknown}
 q - a scroll of blinking {unknown}
Potions
 j - 2 potions of haste {unknown}
 l - a potion of heal wounds
 m - a potion of brilliance {unknown}
 p - a potion of agility {unknown}
 r - a potion of curing {unknown}
Comestibles
 g - 3 rations


   Skills:
 + Level 3.1 Fighting
 + Level 3.5 Short Blades
 + Level 2.1 Throwing
 + Level 2.1 Dodging
 + Level 5.5 Stealth


You had 5 spell levels left.
You didn't know any spells.
Your spell library was empty.

Dungeon Overview and Level Annotations

Branches:
Dungeon (3/15)

Altars:
Nemelex Xobeh


Message History

The orc is severely wounded.
The orc hits you but does no damage.
You closely miss the orc.
The orc is severely wounded.
The orc barely misses you.
You barely miss the orc.
The orc is severely wounded.
You hit the orc.
You kill the orc!
You hit the orc but do no damage. The orc barely misses you.
You hit the orc.
The orc is severely wounded.
You hit the orc.
You kill the orc!
Items here: ))) [[ a +0 short sword; a +0 ring mail; a +0 dagger; a +0 scale mail; a +0 club
s - a +0 ring mail;
t - a +0 scale mail Unknown command.
Unknown command.
Are you sure you want to abandon this character and quit the game? (Confirm with "yes".)

#.......#
###.....#.#
#.<.......#
#.#....†..+
#.##...#..# #.
##.##..# #.
#..)..# #. #.##.##
#.###@##.#
#...(....# #
#####.#########.##
##...####......#
#.#......((....#
##.#.####.#.....#
##.## #.#...o##
### #.#.....#
#.####..o.


There were no monsters in sight!

Vanquished Creatures
  A centaur (D:3)
  4 gnolls
  An adder (D:2)
  2 oozes
  2 worms (D:2)
  3 dart slugs (D:1)
  A leopard gecko (D:2)
  3 orcs (D:3)
  A ball python (D:2)
  8 bats
  5 goblins
  7 hobgoblins
  9 jackals
  9 kobolds
  A quokka (D:2)
  6 frilled lizards
  8 rats
71 creatures vanquished.

Notes
Turn   | Place    | Note
-------+----------+-------------------------------------------
     0 | D:1      | miciahclay the Human Assassin began the quest for the Orb.
     0 | D:1      | Reached XP level 1. HP: 16/16 MP: 1/1
   179 | D:1      | Reached XP level 2. HP: 14/22 MP: 2/2
   360 | D:1      | Reached XP level 3. HP: 24/27 MP: 3/3
  1143 | D:2      | Reached XP level 4. HP: 33/34 MP: 4/4
  1186 | D:2      | Found a sparkling altar of Nemelex Xobeh.
  1204 | D:2      | Upgraded the game from 0.23-a0-808-gd21de94 to
                  | 0.23-a0-819-g6debee6
  1683 | D:2      | Reached skill level 5 in Stealth
  1754 | D:2      | Reached XP level 5. HP: 25/39 MP: 5/5
  2878 | D:3      | Noticed a centaur
  2890 | D:3      | Killed a centaur
  2890 | D:3      | Reached XP level 6. HP: 47/47 MP: 6/6
  2953 | D:3      | Quit the game

Vault maps used:
D:1:      lightli_iron_boxes, minmay_small_reverse_x
D:2:      old_standard_altar, ebering_dispersal_statue_hall,
          minmay_randomly_rotated_circles

Skill      XL: |  1  2  3  4  5 |
---------------+----------------+-----
Short Blades   | 3 |  3.5
Stealth        | 5 |  5.5
Fighting       | 3 |  3.1
Dodging        | 2 |  2.1
Throwing       | |  2.1

Action                   |  1- 3 |  4- 6 || total
-------------------------+-------+-------++-------
Melee: Dagger            |   119 |   148 ||   267
  Use: Potion            |       |     2 ||     2
 Stab: Sleeping          |     6 |     9 ||    15
  Eat: Ration            |     1 |     1 ||     2
Armor: Robe              |    21 |    14 ||    35
Dodge: Dodged            |    65 |   100 ||   165

Table legend:
 A = Non-vault XP
 B = Vault XP
 C = Vault XP percentage of total XP
 D = Non-vault monster count
 E = Vault monster count
 F = Vault count percentage of total count
                 A         B        C        D         E       F
            +---------+---------+-------+---------+---------+-------
      Total |     284 |      31 |   9.8 |      61 |      10 |  14.1
            +---------+---------+-------+---------+---------+-------
        D:1 |      70 |       7 |   9.1 |      28 |       4 |  12.5
        D:2 |      92 |      24 |  20.7 |      28 |       6 |  17.6
        D:3 |     122 |       0 |   0.0 |       5 |       0 |   0.0
            +---------+---------+-------+---------+---------+-------
